NCAA
SOUTH FLORIDA BULLS @ COLORADO BUFFALOES
05/21/2024
 
TOP OF THE 1ST
South Florida Bulls batting - Pitching for Colorado Buffaloes : RHP Edgar Villa
Pitching: RHP Edgar Villa
Batting: LHB Bob Bush 0-0: Called Strike
0-1: Called Strike
0-2: Ball
1-2: Foul Ball, location: 2F
1-2: Strikes out swinging
Batting: RHB Leonardo Sinisterra 0-0: Called Strike
0-1: Called Strike
0-2: Strikes out swinging
Batting: RHB Danny Olson 0-0: Called Strike
0-1: Ball
1-1: Foul Ball, location: 2F
1-2: Strikes out swinging
Top of the 1st over - 0 run(s), 0 hit(s), 0 error(s), 0 left on base; South Florida 0 - Colorado 0
BOTTOM OF THE 1ST
Colorado Buffaloes batting - Pitching for South Florida Bulls : RHP Richard Bray
Pitching: RHP Richard Bray
Batting: RHB Rob Groves 0-0: Ball
1-0: Ground out 5-3 (Groundball, 5S)
Batting: RHB Esteban Lara 0-0: Called Strike
0-1: Bunted foul
0-2: Ball
1-2: Ball
2-2: Foul Ball, location: 2F
2-2: Foul Ball, location: 2F
2-2: Ball
3-2: Foul Ball, location: 2F
3-2: Base on Balls
Batting: LHB Miguel Sánchez 0-0: Ball
1-0: Foul Ball, location: 2F
1-1: Ball
2-1: Foul Ball, location: 2F
2-2: SINGLE (Line Drive, 6M)
Esteban Lara to second
Batting: RHB Ed Moore 0-0: Swinging Strike
0-1: Swinging Strike
0-2: Strikes out swinging
Batting: RHB Pedro Romero 0-0: Foul Ball, location: 2F
0-1: Foul Ball, location: 2F
0-2: Ball
1-2: Foul Ball, location: 2F
1-2: Ball
2-2: Foul Ball, location: 2F
2-2: Foul Ball, location: 2F
2-2: Strikes out swinging
Bottom of the 1st over - 0 run(s), 1 hit(s), 0 error(s), 2 left on base; South Florida 0 - Colorado 0
TOP OF THE 2ND
South Florida Bulls batting - Pitching for Colorado Buffaloes : RHP Edgar Villa
Batting: RHB Mark Parker 0-0: Foul Ball, location: 2F
0-1: Called Strike
0-2: Ball
1-2: Fly out, F3 (Popup, 13)
Batting: RHB Jon Krohne 0-0: Ball
1-0: Swinging Strike
1-1: Swinging Strike
1-2: Ball
2-2: Foul Ball, location: 2F
2-2: Fly out, F8 (Line Drive, 8LM)
Batting: SHB Michael Field 0-0: Ball
1-0: Foul Ball, location: 2F
1-1: Fly out, F9 (Flyball, 89XD)
Top of the 2nd over - 0 run(s), 0 hit(s), 0 error(s), 0 left on base; South Florida 0 - Colorado 0
BOTTOM OF THE 2ND
Colorado Buffaloes batting - Pitching for South Florida Bulls : RHP Richard Bray
Batting: LHB Craig Kenney 0-0: Ground out 5-3 (Groundball, 5S)
Batting: RHB Desi Parkinson 0-0: SINGLE (Groundball, 13) (infield hit)
Batting: RHB Ramón Chávez 0-0: Ball
1-0: Ball
2-0: Fly out, F7 (Flyball, 7M)
Batting: RHB Gerald Mullen 0-0: Ball
1-0: Called Strike
1-1: Swinging Strike
1-2: Ground out 6-3 (Groundball, 56)
Bottom of the 2nd over - 0 run(s), 1 hit(s), 0 error(s), 1 left on base; South Florida 0 - Colorado 0
TOP OF THE 3RD
South Florida Bulls batting - Pitching for Colorado Buffaloes : RHP Edgar Villa
Batting: LHB Weston Chaney 0-0: Swinging Strike
0-1: Ball
1-1: Ball
2-1: Ground out 1-3 (Groundball, 13)
Batting: RHB Keith Stimson 0-0: Ball
1-0: Ball
2-0: Called Strike
2-1: Called Strike
2-2: Ball
3-2: Foul Ball, location: 2F
3-2: Foul Ball, location: 2F
3-2: Foul Ball, location: 2F
3-2: Strikes out swinging
Batting: LHB Bob Jacobs 0-0: Foul Ball, location: 2F
0-1: Called Strike
0-2: Foul Ball, location: 2F
0-2: Strikes out swinging
Top of the 3rd over - 0 run(s), 0 hit(s), 0 error(s), 0 left on base; South Florida 0 - Colorado 0
BOTTOM OF THE 3RD
Colorado Buffaloes batting - Pitching for South Florida Bulls : RHP Richard Bray
Batting: RHB Rob Groves 0-0: Fly out, F8 (Flyball, 8RM)
Batting: RHB Esteban Lara 0-0: Ball
1-0: Swinging Strike
1-1: Foul Ball, location: 2F
1-2: Reached on error, E4 (Groundball, 34)
Batting: LHB Miguel Sánchez 0-0: Ball
1-0: Swinging Strike
1-1: Ball
2-1: Foul Ball, location: 2F
2-2: Foul Ball, location: 2F
2-2: SINGLE (Groundball, 6MD)
Esteban Lara to second
Throwing error, E8
Esteban Lara scores
Miguel Sánchez to second
Batting: RHB Ed Moore 0-0: SINGLE (Line Drive, 8LS)
Miguel Sánchez to third
Runner from 3rd tries for Home, SAFE, no throw or cutoff
Batting: RHB Pedro Romero 0-0: Ball
1-0: Ball
2-0: Called Strike
2-1: Ball
3-1: Foul Ball, location: 2F
3-2: Foul Ball, location: 2F
3-2: Base on Balls
Ed Moore to second
Batting: LHB Craig Kenney 0-0: Ball
1-0: Called Strike
1-1: Ground out 4-3 (Groundball, 4M)
Ed Moore to third
Pedro Romero to second
Batting: RHB Desi Parkinson 0-0: Foul Ball, location: 2F
0-1: Ground out 5-3 (Groundball, 5L)
Bottom of the 3rd over - 2 run(s), 2 hit(s), 2 error(s), 2 left on base; South Florida 0 - Colorado 2
TOP OF THE 4TH
South Florida Bulls batting - Pitching for Colorado Buffaloes : RHP Edgar Villa
Batting: LHB Bob Bush 0-0: Ball
1-0: Called Strike
1-1: Swinging Strike
1-2: Strikes out swinging
Batting: RHB Leonardo Sinisterra 0-0: Ball
1-0: Foul Ball, location: 2F
1-1: Ball
2-1: Ground out 3-1 (Groundball, 3L)
Batting: RHB Danny Olson 0-0: Ball
1-0: TRIPLE (Flyball, 78M)
Batting: RHB Mark Parker 0-0: Called Strike
0-1: Called Strike
0-2: Foul Ball, location: 2F
0-2: Ball
1-2: Strikes out swinging
Top of the 4th over - 0 run(s), 1 hit(s), 0 error(s), 1 left on base; South Florida 0 - Colorado 2
BOTTOM OF THE 4TH
Colorado Buffaloes batting - Pitching for South Florida Bulls : RHP Richard Bray
Batting: RHB Ramón Chávez 0-0: Ball
1-0: Called Strike
1-1: Foul Ball, location: 2F
1-2: Ground out 5-3 (Groundball, 56)
Batting: RHB Gerald Mullen 0-0: Bunt missed!
0-1: Ball
1-1: SINGLE (Groundball, 34D) (infield hit)
Batting: RHB Rob Groves 0-0: Called Strike
0-1: Ball
1-1: Swinging Strike
1-2: Foul Ball, location: 2F
1-2: Ball
2-2: Strikes out swinging
Batting: RHB Esteban Lara 0-0: Called Strike
0-1: Foul Ball, location: 2F
0-2: Ball
1-2: Ball
2-2: SINGLE (Groundball, 34D)
Gerald Mullen to second
Runner from 2nd tries for 3rd, SAFE, no throw or cutoff
Pitching: RHP Luis Chávez
Batting: LHB Miguel Sánchez 0-0: Ball
1-0: Swinging Strike
1-1: Swinging Strike
1-2: Ball
2-2: Foul Ball, location: 2F
2-2: Ball
3-2: Foul Ball, location: 2F
3-2: Base on Balls
Esteban Lara to second
Batting: RHB Ed Moore 0-0: Ball
1-0: Called Strike
1-1: Foul Ball, location: 2F
1-2: Ball
2-2: Ball
3-2: SINGLE (Groundball, 4)
Gerald Mullen scores
Esteban Lara to third
Miguel Sánchez to second
Esteban Lara scores
Miguel Sánchez to third
Batting: RHB Pedro Romero 0-0: SINGLE (Line Drive, 56)
Miguel Sánchez scores
Ed Moore to second
Batting: LHB Craig Kenney 0-0: Ball
1-0: Called Strike
1-1: Foul Ball, location: 2F
1-2: Strikes out swinging
Bottom of the 4th over - 3 run(s), 4 hit(s), 0 error(s), 2 left on base; South Florida 0 - Colorado 5
TOP OF THE 5TH
South Florida Bulls batting - Pitching for Colorado Buffaloes : RHP Edgar Villa
Batting: RHB Jon Krohne 0-0: Called Strike
0-1: Ball
1-1: Ball
2-1: SOLO HOME RUN (Flyball, 7D), Distance : 359 ft
Batting: SHB Michael Field 0-0: Called Strike
0-1: Fly out, F5 (Popup, 5F)
Batting: LHB Weston Chaney 0-0: Swinging Strike
0-1: Foul Ball, location: 2F
0-2: Strikes out swinging
Batting: RHB Keith Stimson 0-0: Ball
1-0: Ball
2-0: Foul Ball, location: 2F
2-1: Foul Ball, location: 2F
2-2: Strikes out swinging
Top of the 5th over - 1 run(s), 1 hit(s), 0 error(s), 0 left on base; South Florida 1 - Colorado 5
BOTTOM OF THE 5TH
Colorado Buffaloes batting - Pitching for South Florida Bulls : RHP Luis Chávez
Batting: RHB Desi Parkinson 0-0: Ball
1-0: Foul Ball, location: 2F
1-1: Ball
2-1: Foul Ball, location: 2F
2-2: Strikes out swinging
Batting: RHB Ramón Chávez 0-0: Ball
1-0: Called Strike
1-1: Foul Ball, location: 2F
1-2: Fly out, F7 (Flyball, 78M)
Batting: RHB Gerald Mullen 0-0: Ball
1-0: Foul Ball, location: 2F
1-1: Ball
2-1: Swinging Strike
2-2: Ball
3-2: Foul Ball, location: 2F
3-2: Foul Ball, location: 2F
3-2: Ground out 6-3 (Groundball, 6M)
Bottom of the 5th over - 0 run(s), 0 hit(s), 0 error(s), 0 left on base; South Florida 1 - Colorado 5
TOP OF THE 6TH
South Florida Bulls batting - Pitching for Colorado Buffaloes : RHP Edgar Villa
Batting: LHB Bob Jacobs 0-0: Ball
1-0: Called Strike
1-1: Called Strike
1-2: Ball
2-2: Strikes out swinging
Batting: LHB Bob Bush 0-0: Called Strike
0-1: Foul Ball, location: 2F
0-2: Ball
1-2: Ball
2-2: Strikes out looking
Batting: RHB Leonardo Sinisterra 0-0: Ball
1-0: Ball
2-0: Swinging Strike
2-1: Foul Ball, location: 2F
2-2: Strikes out swinging
Top of the 6th over - 0 run(s), 0 hit(s), 0 error(s), 0 left on base; South Florida 1 - Colorado 5
BOTTOM OF THE 6TH
Colorado Buffaloes batting - Pitching for South Florida Bulls : RHP Luis Chávez
Batting: RHB Rob Groves 0-0: Foul Ball, location: 2F
0-1: Ball
1-1: SINGLE (Line Drive, 6MD)
Batting: RHB Esteban Lara 0-0: Called Strike
Rob Groves is caught stealing 2nd base
0-1: Foul Ball, location: 2F
0-2: Strikes out swinging
Batting: LHB Miguel Sánchez 0-0: Called Strike
0-1: Ball
1-1: Fly out, F2 (Popup, 2LF)
Bottom of the 6th over - 0 run(s), 1 hit(s), 0 error(s), 0 left on base; South Florida 1 - Colorado 5
TOP OF THE 7TH
South Florida Bulls batting - Pitching for Colorado Buffaloes : RHP Edgar Villa
Pitching: RHP Marc Brooks
Batting: RHB Danny Olson 0-0: Ball
1-0: Called Strike
1-1: Foul Ball, location: 2F
1-2: Strikes out swinging
Batting: RHB Mark Parker 0-0: Foul Ball, location: 2F
0-1: Called Strike
0-2: Ball
1-2: Strikes out swinging
Batting: RHB Jon Krohne 0-0: Ball
1-0: SINGLE (Line Drive, 5L)
Batting: SHB Michael Field 0-0: SINGLE (Groundball, 34D)
Jon Krohne to second
Runner from 2nd tries for 3rd, SAFE, throw made to third
Batting: LHB Weston Chaney 0-0: Called Strike
0-1: Swinging Strike
0-2: Ball
1-2: Foul Ball, location: 2F
1-2: Strikes out swinging
Top of the 7th over - 0 run(s), 2 hit(s), 0 error(s), 2 left on base; South Florida 1 - Colorado 5
BOTTOM OF THE 7TH
Colorado Buffaloes batting - Pitching for South Florida Bulls : RHP Luis Chávez
Pitching: RHP Kenny McFarland
Batting: RHB Ed Moore 0-0: Swinging Strike
0-1: Swinging Strike
0-2: Ball
1-2: Foul Ball, location: 2F
1-2: Ball
2-2: Foul Ball, location: 2F
2-2: Ball
3-2: Foul Ball, location: 2F
3-2: Strikes out swinging
Batting: RHB Pedro Romero 0-0: Ball
1-0: Called Strike
1-1: Ball
2-1: Foul Ball, location: 2F
2-2: Ball
3-2: Fly out, F2 (Popup, 25)
Batting: LHB Craig Kenney 0-0: SINGLE (Groundball, 6)
Batting: RHB Desi Parkinson 0-0: Called Strike
0-1: Ball
1-1: Foul Ball, location: 2F
1-2: Ground out 6-3 (Groundball, 6)
Bottom of the 7th over - 0 run(s), 1 hit(s), 0 error(s), 1 left on base; South Florida 1 - Colorado 5
TOP OF THE 8TH
South Florida Bulls batting - Pitching for Colorado Buffaloes : RHP Marc Brooks
Batting: RHB Keith Stimson 0-0: Swinging Strike
0-1: Ball
1-1: Swinging Strike
1-2: Strikes out looking
Batting: LHB Bob Jacobs 0-0: Ball
1-0: Fly out, F7 (Flyball, 7M)
Batting: LHB Bob Bush 0-0: SINGLE (Line Drive, 8RS)
Batting: RHB Leonardo Sinisterra 0-0: Swinging Strike
0-1: SINGLE (Groundball, 6MD)
Bob Bush to second
Runner from 2nd tries for 3rd, SAFE, throw made to third
Pitching: RHP James Bowen
Batting: RHB Danny Olson 0-0: Ground out 1-3 (Groundball, 15)
Top of the 8th over - 0 run(s), 2 hit(s), 0 error(s), 2 left on base; South Florida 1 - Colorado 5
BOTTOM OF THE 8TH
Colorado Buffaloes batting - Pitching for South Florida Bulls : RHP Kenny McFarland
Batting: RHB Ramón Chávez 0-0: Ball
1-0: Ball
2-0: Foul Ball, location: 2F
2-1: Ground out 5-3 (Groundball, 56)
Batting: RHB Gerald Mullen 0-0: Ball
1-0: Ball
2-0: Ball
3-0: Base on Balls
Batting: RHB Rob Groves 0-0: SINGLE (Groundball, 25) (infield hit)
Gerald Mullen to second
Batting: RHB Esteban Lara 0-0: Called Strike
0-1: Foul Ball, location: 2F
0-2: Ball
1-2: Ball
2-2: Strikes out swinging
Batting: LHB Miguel Sánchez 0-0: SINGLE (Line Drive, 34D)
Gerald Mullen to third
Rob Groves to second
Runner from 3rd tries for Home, SAFE, no throw or cutoff
Batting: RHB Ed Moore 0-0: Called Strike
0-1: Ball
1-1: Swinging Strike
1-2: Strikes out swinging
Bottom of the 8th over - 1 run(s), 2 hit(s), 0 error(s), 2 left on base; South Florida 1 - Colorado 6
TOP OF THE 9TH
South Florida Bulls batting - Pitching for Colorado Buffaloes : RHP James Bowen
Now at C: Henry Barker
Batting: RHB Mark Parker 0-0: Ball
1-0: Foul Ball, location: 2F
1-1: Swinging Strike
1-2: Strikes out looking
Batting: RHB Jon Krohne 0-0: Called Strike
0-1: Called Strike
0-2: Strikes out swinging
Batting: SHB Michael Field 0-0: Reached on error, E4 (Groundball, 4)
Batting: LHB Weston Chaney 0-0: SINGLE (Flyball, 8LS)
Michael Field to second
Batting: RHB Keith Stimson 0-0: Ball
1-0: Fielders Choice at 2nd, U4 (Groundball, 4M)
Top of the 9th over - 0 run(s), 1 hit(s), 1 error(s), 2 left on base; South Florida 1 - Colorado 6
This league is powered by Out of the Park Baseball, the baseball management simulation game for PC, Mac and Linux
Saturday, April 9th, 2016 - OOTP Baseball 16.8 Build 38